 Dungeon Crawl Stone Soup version 0.28.0-62-gf88900778d (webtiles) character file.

Game seed: 9791596862044337998

15012 mopl the Quickloader (level 12, -9/104 HPs)
             Began as a Hill Orc Hunter on Mar 28, 2023.
             Was a High Priest of Okawaru.
             Mangled by a sun demon (28 damage)
             ... summoned by an orc sorcerer
             ... while paralysed by an orc sorcerer
             ... on level 2 of the Orcish Mines.
             The game lasted 00:24:18 (11455 turns).

mopl the Quickloader (Hill Orc Hunter)             Turns: 11455, Time: 00:24:19

Health: -9/104     AC: 13    Str: 30    XL:     12   Next: 22%
Magic:  27/27      EV:  2    Int:  6    God:    Okawaru [*****.]
Gold:   967        SH:  0    Dex: 11    Spells: 11/11 levels left

rFire   x . .      SeeInvis +   E - +12 spear of Forced Transition {vorpal, rElec rF- Str+10 Int-5}
rCold   . . .      Faith    .   (no shield)
rNeg    . . .      Spirit   .   s - +0 troll leather armour
rPois   .          Reflect  .   x - +2 hat
rElec   +          Harm     .   B - +2 cloak
rCorr   .          Rampage  .   l - +0 pair of gloves
Will    .....                   (no boots)
Stlth   +++.......              (no amulet)
HPRegen 1.07/turn               m - ring of magical power
MPRegen 0.20/turn               K - ring of see invisible

@: paralysed, heroic
A: no striking features
a: Renounce Religion, Heroism, Finesse, Duel


You were on level 2 of the Orcish Mines.
You worshipped Okawaru.
Okawaru was extremely pleased with you.
You visited 3 branches of the dungeon, and saw 13 of its levels.
You also visited: Ossuary.

You collected 1413 gold pieces.
You spent 446 gold pieces at shops.

Inventory:

Hand Weapons
 a - a +1 vorpal arbalest
 b - a +0 war axe
 E - the +12 spear of Forced Transition (weapon) {vorpal, rElec rF- Str+10 Int-5}
   (You found it on level 7 of the Dungeon)

   It inflicts extra damage upon your enemies.
   Str:       It affects your strength (+10).
   Int:       It affects your intelligence (-5).
   rF:        It makes you vulnerable to fire.
   rElec:     It insulates you from electricity.
Missiles
 d - 49 bolts
 i - 7 curare-tipped darts (quivered)
 o - 3 poisoned darts
 G - a throwing net
Armour
 j - a +0 chain mail
 l - a +0 pair of gloves (worn)
 s - a +0 troll leather armour (worn)
 x - a +2 hat (worn)
 B - a +2 cloak (worn)
 N - the +1 chain mail "Byvetat" {rPois Int+3}
   (You bought it in a shop on level 9 of the Dungeon)

   Int:       It affects your intelligence (+3).
   rPois:     It protects you from poison.
 Q - a +1 leather armour of fire resistance
 R - a +1 ring mail of poison resistance
 T - a +0 chain mail of poison resistance
Jewellery
 m - a ring of magical power (left hand)
 K - a ring of see invisible (right hand)
 P - a ring of ice
 U - a ring of fire
Wands
 f - a wand of paralysis (3)
 y - a wand of flame (7)
 C - a wand of polymorph (11)
 L - a wand of acid (7)
Scrolls
 g - 3 scrolls of noise {unknown}
 h - a scroll of amnesia {unknown}
 k - a scroll of enchant armour {unknown}
 n - 2 scrolls of fear {unknown}
 p - a scroll of silence {unknown}
 r - 2 scrolls of blinking {unknown}
 t - 2 scrolls of enchant weapon {unknown}
 u - 4 scrolls of vulnerability {unknown}
 v - 2 scrolls of teleportation {unknown}
 H - 3 scrolls of identify
 I - a scroll of brand weapon {unknown}
 J - 2 scrolls of fog {unknown}
 M - 2 scrolls of immolation {unknown}
 O - a scroll of summoning {unknown}
Potions
 c - 8 potions of curing {unknown}
 e - 3 potions of ambrosia
 q - 2 potions of invisibility
 w - 2 potions of heal wounds
 z - 2 potions of resistance
 A - 3 potions of brilliance
 D - 3 potions of lignification {!q}
 F - a potion of magic
 S - a potion of berserk rage {!q}
Miscellaneous
 V - a lightning rod (4/4)


   Skills:
 + Level 9.2(14.2) Fighting
 + Level 9.1(14.1) Axes
 * Level 10.5(15.5) Crossbows
 + Level 8.1(13.1) Armour
 + Level 6.4(11.4) Dodging
 - Level 0.7(5.7) Stealth
 + Level 8.6 Invocations
 + Level 3.6 Evocations


You had 11 spell levels left.
You didn't know any spells.
Your spell library contained the following spells:

 Spells                   Type           Power      Damage    Failure   Level
 Freeze                   Ice            0%         1d3       47%         1
 Slow                     Hex            0%         N/A       47%         1
 Ensorcelled Hibernation  Hex/Ice        0%         N/A       63%         2
 Passwall                 Tmut/Erth      0%         N/A       63%         2
 Confusing Touch          Hex            0%         N/A       85%         3
 Frozen Ramparts          Ice            0%         1d2       85%         3
 Swiftness                Air            0%         N/A       85%         3
 Vampiric Draining        Necr           0%         2d6       85%         3
 Hailstorm                Conj/Ice       0%         3d3       99%         4


Dungeon Overview and Level Annotations

Branches:
Dungeon (10/15)            Temple (1/1) D:4            Lair (0/6) D:8
    Orc (2/2) D:10            Elf (0/3) Orc:2       Ossuary (visited)

Altars:
Ashenzari
Cheibriados
Dithmenos
Elyvilon
Gozag
Hepliaklqana
Kikubaaqudgha
Okawaru
Ru
Sif Muna
Uskayaw
Vehumet
Wu Jian
Xom
Zin
Beogh

Shops:
D:7 !   D:9 [

Annotations:
D:3 2 runed translucent doors, Garym's ghost, amateur MiFi
D:6 Dowan; Duvessa
Orc:2 exclusion: door


Message History

The orc sorcerer hits you with a +0 dagger.
The orc hits you but does no damage.
You hit the orc sorcerer.
The orc sorcerer is almost dead.
The orc sorcerer barely misses you.
You hit the orc sorcerer but do no damage.
The orc sorcerer is almost dead.
The orc misses you.
You barely miss the orc sorcerer.
The orc sorcerer is almost dead.
The orc sorcerer casts a spell at you. You resist with some effort.
You barely miss the orc sorcerer.
The orc sorcerer is almost dead.
The orc hits you but does no damage.
You closely miss the orc sorcerer.
The orc sorcerer is almost dead.
The orc sorcerer hits you but does no damage.
You barely miss the orc sorcerer.
The orc sorcerer is almost dead.
The orc sorcerer misses you.
You hit the orc sorcerer.
The orc sorcerer is almost dead.
You barely miss the orc sorcerer.
The orc sorcerer is almost dead.
The orc sorcerer gestures at you while chanting.
You suddenly lose the ability to move!
The orc sorcerer gestures at you while chanting.
You shrug off the repeated paralysis!
The orc sorcerer hits you but does no damage. x2
The orc sorcerer hits you with a +1 dagger of protection.
The orc sorcerer gestures wildly while chanting.
The orc sorcerer hits you but does no damage.
The orc sorcerer casts a spell at you. The bolt of fire hits you!!!
The fire burns you terribly!
The orc sorcerer gestures at you while chanting.
The bolt of fire hits you! The fire burns you terribly! The sun demon hits you!
* * * LOW HITPOINT WARNING * * *
You are engulfed in flames!!
The fire burns you terribly!
You die...

####### .#....#
.#.##'## #### o##
##.#...# ###
##oo###...o#
...#...# ..#
##3@#oooo⌠.)#
...#####
#..##...####o...#
...#..# #..#^..###
.## ...'.)#
#.##.....# ####..#
##........## ...####
#.....#..#.#
##.######...########
.#....'....## #####
.).####....# ##...##


You could see a sun demon (summoned) and 2 orc sorcerers.

Vanquished Creatures
  Josephine (D:10)
  5 two-headed ogres
  A gargoyle (D:10)
  6 trolls
  2 hornets (D:9)
  A wyvern (D:7)
  5 wraiths (D:10)
  A vampire (D:10)
  2 steam dragons
  5 vampire mosquitoes
  A warg (Orc:2)
  A water moccasin (D:8)
  A sky beast (D:8)
  A black bear (D:6)
  An ice beast (D:7)
  A necrophage (D:6)
  8 ogres
  22 orc warriors
  2 wolves (D:8)
  3 centaurs
  3 phantoms
  4 bullfrogs
  A gnoll sergeant (D:7)
  2 scorpions
  A wyvern zombie (D:6)
  2 water moccasin skeletons
  6 killer bees (D:8)
  9 wights
  4 electric eels (D:8)
  6 howler monkeys
  6 centaur zombies
  3 bullfrog skeletons
  2 centaur skeletons
  8 hounds
  15 orc priests
  A jelly (D:8)
  3 iguanas
  11 orc wizards
  A hound zombie (D:5)
  3 mummies
  A howler monkey zombie (D:8)
  4 gnolls (D:7)
  9 adders
  A white imp (D:7)
  3 ufetubi
  6 dart slugs
  66 orcs
  3 ball pythons (D:1)
  10 endoplasms
  6 giant cockroaches
  7 goblins
  8 hobgoblins
  3 jackals
  4 quokkas
  4 bats
  5 frilled lizards
  5 gnoll zombies (Ossuary)
  2 goblin zombies (Ossuary)
  3 hobgoblin zombies (Ossuary)
  4 kobolds
  2 orc zombies (Ossuary)
  11 rats
328 creatures vanquished.

Notes
Turn   | Place    | Note
-------+----------+-------------------------------------------
     0 | D:1      | mopl the Hill Orc Hunter began the quest for the Orb.
     0 | D:1      | Reached XP level 1. HP: 18/18 MP: 1/1
   288 | D:1      | Reached XP level 2. HP: 19/25 MP: 2/2
   505 | D:1      | Reached skill level 1 in Armour
   559 | D:1      | Reached XP level 3. HP: 16/30 MP: 3/3
   564 | D:1      | Reached skill level 4 in Crossbows
   979 | D:1      | Found a faded altar of an unknown god.
   999 | D:1      | Reached skill level 3 in Fighting
  1003 | D:1      | Reached skill level 2 in Dodging
  1473 | D:1      | Reached XP level 4. HP: 18/38 MP: 4/4
  1701 | D:2      | Reached skill level 2 in Armour
  1885 | D:2      | Reached XP level 5. HP: 43/45 MP: 5/5
  2144 | D:2      | Found a sacrificial altar of Ru.
  2511 | D:3      | Found a large runed translucent door.
  2511 | D:3      | Found a large runed translucent door.
  2513 | D:3      | Noticed Garym's ghost (amateur MiFi)
  3375 | D:4      | Reached XP level 6. HP: 48/52 MP: 6/6
  3397 | D:4      | Found a shadowy altar of Dithmenos.
  3408 | D:4      | Reached skill level 4 in Fighting
  3408 | D:4      | Reached skill level 1 in Axes
  3408 | D:4      | Reached skill level 5 in Crossbows
  3780 | D:4      | Reached skill level 3 in Armour
  3811 | D:4      | Reached skill level 2 in Axes
  3811 | D:4      | Reached XP level 7. HP: 20/60 MP: 7/7
  4071 | D:4      | Reached skill level 3 in Dodging
  4561 | D:4      | Found a staircase to the Ecumenical Temple.
  4570 | Temple   | Entered the Ecumenical Temple
  4624 | Temple   | Became a worshipper of Warmaster Okawaru
  4701 | D:5      | Entered Level 5 of the Dungeon
  4912 | D:5      | Reached skill level 3 in Axes
  4912 | D:5      | Reached skill level 1 in Invocations
  5286 | D:5      | Reached skill level 6 in Crossbows
  5286 | D:5      | Reached XP level 8. HP: 63/67 MP: 9/9
  5460 | D:6      | Reached skill level 5 in Fighting
  5489 | D:6      | Noticed a troll
  5492 | D:6      | Reached * piety under Okawaru
  5493 | D:6      | Reached skill level 4 in Armour
  5493 | D:6      | Reached skill level 2 in Invocations
  5508 | D:6      | Killed a troll
  5654 | D:6      | Reached skill level 4 in Axes
  5676 | D:6      | Reached skill level 3 in Invocations
  5677 | D:6      | Noticed Duvessa
  5682 | D:6      | Noticed Dowan
  5743 | D:6      | Found a sand-covered staircase.
  5755 | Ossuary  | Entered an ossuary
  6235 | D:6      | Reached ** piety under Okawaru
  6236 | D:6      | Reached skill level 6 in Fighting
  6236 | D:6      | Reached skill level 5 in Axes
  6236 | D:6      | Reached skill level 7 in Crossbows
  6236 | D:6      | Reached skill level 5 in Armour
  6236 | D:6      | Reached skill level 4 in Dodging
  6236 | D:6      | Reached XP level 9. HP: 50/75 MP: 11/11
  6434 | D:6      | Reached skill level 4 in Invocations
  6506 | D:7      | Found a shimmering altar of Xom.
  6841 | D:7      | Identified the +12 spear of Forced Transition {vorpal,
                  | rElec rF- Str+10 Int-5}
  7019 | D:7      | Reached *** piety under Okawaru
  7212 | D:7      | Found Essocsia's Distillery.
  7233 | D:7      | Bought a potion of magic for 80 gold pieces
  7233 | D:7      | Bought a potion of lignification for 30 gold pieces
  7233 | D:7      | Bought a potion of invisibility for 80 gold pieces
  7256 | D:7      | Noticed a two-headed ogre
  7276 | D:7      | Killed a two-headed ogre
  7276 | D:7      | Received a gift from Okawaru
  7277 | D:7      | Reached skill level 7 in Fighting
  7277 | D:7      | Reached skill level 6 in Axes
  7277 | D:7      | Reached skill level 8 in Crossbows
  7277 | D:7      | Reached skill level 5 in Invocations
  7277 | D:7      | Reached XP level 10. HP: 56/86 MP: 14/14
  7489 | D:8      | Reached skill level 6 in Armour
  7565 | D:8      | Reached **** piety under Okawaru
  7607 | D:8      | Reached skill level 5 in Dodging
  7607 | D:8      | Reached skill level 6 in Invocations
  7865 | D:8      | Found a staircase to the Lair.
  7887 | D:8      | Reached skill level 7 in Axes
  8058 | D:8      | Received a gift from Okawaru
  8348 | D:9      | Reached skill level 9 in Crossbows
  8514 | D:9      | Found a shimmering blue altar of Sif Muna.
  8597 | D:9      | Reached skill level 8 in Fighting
  8619 | D:9      | Found a radiant altar of Vehumet.
  8628 | D:9      | Reached ***** piety under Okawaru
  8629 | D:9      | Reached XP level 11. HP: 84/94 MP: 16/16
  8717 | D:9      | Found Ukitid's Antique Armour Shop.
  8722 | D:9      | Reached skill level 7 in Invocations
  8730 | D:9      | Bought a crude chain mail for 256 gold pieces
  8730 | D:9      | Identified the +1 chain mail "Byvetat" {rPois Int+3} (You
                  | bought it in a shop on level 9 of the Dungeon)
  8867 | D:10     | Entered Level 10 of the Dungeon
  8874 | D:10     | Found a transporter.
  9002 | D:10     | Noticed Sonja
  9003 | D:10     | Noticed Sonja
  9003 | D:10     | Sonja changed into Sonja the steam dragon
  9018 | D:10     | Killed Sonja the steam dragon
  9027 | D:10     | Found a transporter.
  9031 | D:10     | Found a transporter.
  9034 | D:10     | Found a transporter.
  9038 | D:10     | Found a transporter.
  9042 | D:10     | Found a transporter.
  9128 | D:10     | Reached skill level 7 in Armour
  9128 | D:10     | Reached skill level 1 in Evocations
  9128 | D:10     | Found a staircase to the Orcish Mines.
  9246 | D:10     | Found a roughly hewn altar of Beogh.
  9376 | D:10     | Noticed a two-headed ogre
  9402 | D:10     | Killed a two-headed ogre
  9480 | D:10     | Reached skill level 8 in Axes
  9532 | D:10     | Identified the +1 kite shield of Ziyvulut {MP-9 Int+6}
                  | (Okawaru gifted it to you on level 10 of the Dungeon)
  9532 | D:10     | Received a gift from Okawaru
  9698 | D:10     | Noticed Josephine
  9723 | D:10     | Killed Josephine
  9724 | D:10     | Reached skill level 2 in Evocations
 10097 | Orc:1    | Entered Level 1 of the Orcish Mines
 10101 | Orc:1    | Noticed a two-headed ogre
 10102 | Orc:1    | Reached skill level 6 in Dodging
 10127 | D:10     | Killed a two-headed ogre
 10128 | D:10     | Reached skill level 10 in Crossbows
 10204 | Orc:2    | Entered Level 2 of the Orcish Mines
 10309 | Orc:2    | Reached skill level 8 in Invocations
 10444 | Orc:2    | Noticed a two-headed ogre
 10470 | Orc:2    | Killed a two-headed ogre
 10523 | Orc:2    | Reached skill level 3 in Evocations
 10551 | Orc:2    | Reached skill level 9 in Fighting
 10617 | Orc:2    | Noticed a two-headed ogre
 10627 | Orc:2    | Killed a two-headed ogre
 10628 | Orc:2    | Reached XP level 12. HP: 68/104 MP: 18/18
 10950 | Orc:2    | Reached skill level 8 in Armour
 11014 | Orc:2    | Reached skill level 9 in Axes
 11322 | Orc:2    | Found a staircase to the Elven Halls.
 11337 | Orc:2    | Received a gift from Okawaru
 11451 | Orc:2    | Paralysed by an orc sorcerer for 7 turns
 11454 | Orc:2    | Noticed a sun demon
 11455 | Orc:2    | Mangled by a sun demon

Illustrated notes

Levels and vault maps discovered:
D:1:      dpeg_arrival_brainrot, layout_rooms, ebering_ecumenical_altar_mist,
          minmay_worlds_worst_comb
D:2:      layout_rooms, serial_glass, glass_columns_b, glass_columns_c,
          glass_columns_a, glass_columns_a, basic_altar, minmay_misc_feat_five
D:3:      layout_loops_cross, ebering_ghost_disaster_area
D:4:      layout_basic, lemuel_tele_altar, temple_hall
D:5:      layout_rooms, nicolae_sextant, chequers_serial_rivers_large_b
D:6:      layout_cave_pools, nicolae_ossuary_entry_giza, uniq_duvessa
D:7:      layout_basic, amcnicky_altar_gilded, serial_shops, shop,
          grunt_ministairs_10
D:8:      layout_basic, erik_lair_island, minmay_crystal_room, st_stairs_11,
          sigmund_army
D:9:      layout_roguey, mainiacjoe_overflow_catwalk, tgw_sif, serial_shops,
          nicolae_shop_window_shopping
D:10:     layout_irregular_city, minmay_orc_entry_temple_small,
          serial_nicolae_subway, nicolae_sub_station_crystal,
          nicolae_sub_station_stone, nicolae_sub_station_metal, uniq_sonja,
          uniq_josephine
Temple:   mainiacjoe_temple_coin_purse
Orc:1:    layout_diamond_mine
Orc:2:    pubby_orc_utopia, serial_shops

Skill      XL: |  1  2  3  4  5  6  7  8  9 10 11 12 |
---------------+-------------------------------------+-----
Armour         | 1 2 3 5 6 7 8 |  8.1
Crossbows      | 4 5 6 7 8 9 10 | 10.5
Fighting       | 3 4 6 7 8 9 |  9.2
Dodging        | 2 3 4 5 6 |  6.4
Axes           | 2 3 5 6 7 8 9 |  9.1
Invocations    | 1 3 5 6 8 |  8.6
Evocations     | 3 |  3.6
Stealth        | |  0.7

Action                   |  1- 3 |  4- 6 |  7- 9 | 10-12 || total
-------------------------+-------+-------+-------+-------++-------
Melee: Short sword       |   165 |   152 |       |       ||   317
       Punch             |     1 |     4 |     5 |    11 ||    21
       Hand axe          |       |    92 |    94 |       ||   186
       War axe           |       |       |   171 |   147 ||   318
       Unarmed           |       |       |    13 |       ||    13
       Spear             |       |       |       |   372 ||   372
 Fire: Hand crossbow     |       |    20 |   106 |   147 ||   273
Throw: Dart              |       |       |       |     8 ||     8
Invok: Heroism           |       |       |     3 |     6 ||     9
Evoke: Wand              |       |       |       |     9 ||     9
  Use: Potion            |     1 |       |     2 |       ||     3
       Scroll            |       |       |     6 |     1 ||     7
 Stab: Paralysed         |       |       |       |     8 ||     8
       Sleeping          |       |       |       |     2 ||     2
Armor: Leather armour    |    39 |       |       |       ||    39
       Ring mail         |    14 |     3 |       |       ||    17
       Chain mail        |       |   143 |    93 |       ||   236
       Scale mail        |       |     4 |       |       ||     4
       Troll leather arm |       |       |   119 |   184 ||   303
       Skin              |       |       |    20 |       ||    20
Dodge: Dodged            |   111 |   110 |   219 |   376 ||   816
